 Dungeon Crawl Stone Soup version 0.30-a0-782-ge64f9170bb (webtiles) character file.

Game seed: 3465927196685847504

8773 Goldberg the Basher (level 11, -5/99 HPs)
             Began as a Minotaur Fighter on Feb 19, 2023.
             Was an Initiate of Gozag.
             Slain by an elephant (12 damage)
             ... on level 1 of the Lair of Beasts.
             The game lasted 00:33:44 (10121 turns).

Goldberg the Basher (Minotaur Fighter)             Turns: 10121, Time: 00:33:45

Health: -5/99      AC: 17    Str: 24    XL:     11   Next: 14%
Magic:  10/10      EV:  8    Int:  5    God:    Gozag
Gold:   413        SH: 12    Dex: 17    Spells: 10/10 levels left

rFire   . . .      SeeInvis .    a - +0 flail
rCold   . . .      Faith    .    A - +0 kite shield
rNeg    . . .      Spirit   .    y - +0 chain mail
rPois   .          Reflect  .    i - +2 hat
rElec   .          Harm     .    (no cloak)
rCorr   .          Rampage  .    o - +0 pair of gloves
Will    .....                    h - +0 pair of boots Stlth
                                 (no amulet)
HPRegen 0.36/turn                w - +6 ring of dexterity
MPRegen 0.12/turn                s - ring of wizardry

@: no status effects
A: horns 2, retaliatory headbutt
a: Renounce Religion, Potion Petition, Call Merchant, Bribe Branch


You were on level 1 of the Lair of Beasts.
You worshipped Gozag.
Gozag was aware of your devotion.
You visited 3 branches of the dungeon, and saw 12 of its levels.

You collected 1146 gold pieces.
You paid 733 gold pieces to Gozag.

Inventory:

Hand Weapons
 a - a +0 flail (weapon)
 d - a +0 dire flail
Armour
 b - a +0 scale mail
 c - a +0 buckler
 h - a +0 pair of boots (worn)
 i - a +2 hat (worn)
 o - a +0 pair of gloves (worn)
 t - a +0 helmet
 y - a +0 chain mail (worn)
 A - a +0 kite shield (worn)
 C - an orb of energy
 I - +0 acid dragon scales
Jewellery
 s - a ring of wizardry (right hand)
 w - a +6 ring of dexterity (left hand)
Wands
 e - a wand of mindburst (9)
 r - a wand of charming (11)
 z - a wand of iceblast (31)
 H - a wand of polymorph (3)
Scrolls
 k - a scroll of enchant armour
 l - 2 scrolls of teleportation
 n - 2 scrolls of fear
 q - a scroll of amnesia
 x - 3 scrolls of fog
 E - a scroll of torment
 J - a scroll of magic mapping {unknown}
Potions
 f - a potion of brilliance {unknown}
 g - 2 potions of berserk rage
 j - a potion of mutation {unknown}
 m - 3 potions of degeneration
 p - a potion of resistance {unknown}
 u - a potion of flight {unknown}
 v - 2 potions of curing
 B - 2 potions of haste
 D - 2 potions of heal wounds
 F - a potion of attraction {unknown}
 G - a potion of lignification {unknown}
 K - 2 potions of invisibility


   Skills:
 + Level 9.7 Fighting
 + Level 12.5 Maces & Flails
 + Level 11.2 Armour
 - Level 2.4 Dodging
 - Level 1.7 Stealth
 + Level 9.3 Shields


You had 10 spell levels left.
You didn't know any spells.
Your spell library contained the following spells:

 Spells                   Type           Power      Damage    Failure   Level
 Static Discharge         Conj/Air       0%         2-2/arc   97%         2
 Gell's Gravitas          Tloc           0%         N/A       99%         3
 Teleport Other           Tloc           0%         N/A       99%         3
 Vhi's Electric Charge    Tloc/Air       0%         N/A       99%         3
 Arcjolt                  Conj/Air       0%         1d10      100%        5
 Lightning Bolt           Conj/Air       0%         1d11      100%        5
 Dispersal                Tloc           0%         N/A       100%        6


Dungeon Overview and Level Annotations

Branches:
Dungeon (10/15)            Temple (1/1) D:6            Lair (1/5) D:9
    Orc: D:9-12

Altars:
Ashenzari
Cheibriados
Dithmenos
Elyvilon
Fedhas
Gozag
Hepliaklqana
Kikubaaqudgha
Nemelex Xobeh
Okawaru
Qazlal
Ru
Sif Muna
Trog
Uskayaw
Vehumet
Wu Jian
Xom
Yredelemnul
Zin
The Shining One

Shops:
D:1 (   D:9 [

Annotations:
D:6 2 transporters, Frostiness's ghost, novice DsRe


Innate Abilities, Weirdness & Mutations

You have a pair of horns on your head.
You reflexively headbutt those who attack you in melee.


Message History

The elephant tramples you but does no damage.
The elephant trunk-slaps you but does no damage.
The elephant tramples you!
You stumble backwards!
The elephant tramples you!
You stumble backwards!
You hit the elephant.
The elephant is severely wounded.
The elephant closely misses you. You furiously retaliate!
You headbutt the elephant!
The elephant trunk-slaps you but does no damage.
You block the elephant's attack.
The elephant trunk-slaps you but does no damage.
The elephant tramples you!
You hold your ground!
The elephant trunk-slaps you but does no damage.
The elephant barely misses you.
The elephant trunk-slaps you but does no damage.
You hit the elephant but do no damage.
The elephant is severely wounded.
You block the elephant's attack. x2; The elephant tramples you.
You hold your ground!
You block the elephant's attack. The elephant tramples you!
* * * LOW HITPOINT WARNING * * *
You hold your ground!
The elephant trunk-slaps you but does no damage.
The elephant closely misses you.
The elephant trunk-slaps you but does no damage.
You sock the elephant!
The elephant is almost dead.
The elephant tramples you!
* * * LOW HITPOINT WARNING * * *
You hold your ground!
The elephant trunk-slaps you but does no damage.
The elephant tramples you!
* * * LOW HITPOINT WARNING * * *
You hold your ground!
The elephant trunk-slaps you but does no damage.
You block the elephant's attack.
The elephant trunk-slaps you but does no damage.
The elephant tramples you!
You die...
Your body crumbles into a pile of gold.

#.......#....####+.## $
#...........##......#
#...........##......# Y
#.......#...##......# ..#
+............'......##....#
.##.####....##..$...'.....#
............####.+####....#
............####YY#PP#....#
................@Y.........
######.####.####Y.########
### ### ####


You could see 4 elephants.

Vanquished Creatures
  2 two-headed ogres
  Pikel (D:8)
  An elephant (Lair:1)
  Joseph (D:8)
  A gargoyle (D:10)
  Maggie (D:8)
  Psyche (D:8)
  2 unseen horrors
  A hornet (D:9)
  Sigmund (D:3)
  A shadow (D:10)
  2 wraiths
  A wyvern (D:9)
  6 yaks (D:9)
  An acid dragon (D:9)
  2 water moccasins
  An orc warrior (D:8)
  2 black bears
  2 sky beasts
  An ogre (D:6)
  A lemure (D:8)
  6 bullfrogs
  4 kobold brigands
  A gnoll sergeant (D:6)
  2 necrophages (D:6)
  2 scorpions
  4 wights (D:8)
  9 killer bees
  6 howler monkeys
  2 jellies
  3 orc priests
  5 orc wizards
  Natasha (twice) (D:4)
  4 iguanas
  Robin (D:3)
  4 gnolls (D:6)
  2 adders
  2 worms (D:2)
  A dart slug (D:1)
  17 orcs
  9 bats
  6 endoplasms
  2 giant cockroaches
  21 goblins
  8 hobgoblins
  25 kobolds
  2 quokkas
  6 ball pythons
  4 frilled lizards
  5 rats
197 creatures vanquished.

Vanquished Creatures (others)
  2 fungi (Lair:1)
2 creatures vanquished.

Grand Total: 199 creatures vanquished

Notes
Turn   | Place    | Note
-------+----------+-------------------------------------------
     0 | D:1      | Goldberg the Minotaur Fighter began the quest for the Orb.
     0 | D:1      | Reached XP level 1. HP: 19/19 MP: 0/0
    19 | D:1      | Noticed an electric eel
   108 | D:1      | Found Wiuv's Weapon Shop.
   112 | D:1      | Reached XP level 2. HP: 27/27 MP: 1/1
   467 | D:1      | Reached XP level 3. HP: 33/33 MP: 2/2
   830 | D:2      | Reached skill level 3 in Maces & Flails
   854 | D:2      | Reached skill level 1 in Dodging
  1384 | D:3      | Noticed Sigmund
  1391 | D:3      | Killed Sigmund
  1392 | D:3      | Reached skill level 4 in Maces & Flails
  1392 | D:3      | Reached skill level 5 in Armour
  1392 | D:3      | Reached XP level 4. HP: 41/41 MP: 3/3
  1392 | D:3      | Reached XP level 5. HP: 47/47 MP: 4/4
  1470 | D:3      | Identified the +4 long sword of the Bedazzling Whale
                  | {protect, rF+ Stlth+}
  1867 | D:3      | Noticed Robin
  1873 | D:3      | Killed Robin
  2118 | D:4      | Reached XP level 6. HP: 53/53 MP: 5/5
  2127 | D:4      | Reached skill level 5 in Maces & Flails
  2213 | D:4      | Noticed Natasha
  2220 | D:4      | Killed Natasha
  2313 | D:4      | Noticed Natasha
  2317 | D:4      | Killed Natasha
  2501 | D:4      | Reached skill level 5 in Fighting
  2501 | D:4      | Reached skill level 6 in Maces & Flails
  2501 | D:4      | Reached XP level 7. HP: 61/61 MP: 6/6
  2614 | D:5      | Entered Level 5 of the Dungeon
  2914 | D:5      | Reached skill level 7 in Maces & Flails
  3350 | D:6      | Reached skill level 5 in Shields
  3377 | D:6      | Reached XP level 8. HP: 54/70 MP: 7/7
  3567 | D:6      | Found a basalt altar of Yredelemnul.
  3649 | D:6      | Found a transporter.
  3653 | D:6      | Noticed Frostiness's ghost (novice DsRe)
  3683 | D:6      | Reached skill level 8 in Maces & Flails
  3810 | D:6      | Found a transporter.
  3942 | D:6      | Found a staircase to the Ecumenical Temple.
  3954 | Temple   | Entered the Ecumenical Temple
  4289 | Temple   | Became a worshipper of Gozag Ym Sagoz the Greedy
  4373 | D:6      | Reached skill level 1 in Stealth
  5311 | D:7      | Noticed a two-headed ogre
  5321 | D:7      | Killed a two-headed ogre
  5322 | D:7      | Reached skill level 9 in Maces & Flails
  5322 | D:7      | Reached XP level 9. HP: 9/79 MP: 8/8
  6249 | D:8      | Noticed Pikel
  6261 | D:8      | Killed Pikel
  6262 | D:8      | Reached skill level 10 in Maces & Flails
  6692 | D:8      | Noticed Maggie
  6705 | D:8      | Killed Maggie
  6706 | D:8      | Reached XP level 10. HP: 57/88 MP: 9/9
  6984 | D:8      | Noticed Psyche
  7172 | D:8      | Noticed Joseph
  7272 | D:8      | Killed Joseph
  7558 | D:8      | Killed Psyche
  7559 | D:8      | Reached skill level 11 in Maces & Flails
  7559 | D:8      | Reached skill level 10 in Armour
  7956 | D:9      | Found a staircase to the Lair.
  8016 | D:9      | Found a shimmering altar of Xom.
  8745 | D:9      | Noticed a +0 spear
  8745 | D:9      | Noticed a +0 short sword
  8745 | D:9      | Noticed a +0 spear
  8747 | D:9      | Noticed a +0 short sword
  8747 | D:9      | Noticed a +0 dagger
  8748 | D:9      | Noticed a +0 falchion
  8769 | D:9      | Noticed a +0 dagger
  8770 | D:9      | Noticed a +0 falchion
  8779 | D:9      | Found a hide-covered altar of Uskayaw.
  8791 | D:9      | Reached skill level 12 in Maces & Flails
  9365 | D:10     | Entered Level 10 of the Dungeon
  9404 | D:10     | Noticed a two-headed ogre
  9412 | D:10     | Killed a two-headed ogre
  9615 | D:10     | Found a shadowy altar of Dithmenos.
  9619 | D:10     | Reached XP level 11. HP: 85/97 MP: 10/10
 10053 | Lair:1   | Entered Level 1 of the Lair of Beasts
 10121 | Lair:1   | Slain by an elephant

Illustrated notes

Levels and vault maps discovered:
D:1:      arrival_aquarium_a, layout_loops_ring, serial_shops,
          nicolae_square_shop, serial_park_tiny_2
D:2:      layout_rooms
D:3:      layout_basic, minmay_misc_feat_cross, uniq_robin, uniq_sigmund
D:4:      layout_basic, uniq_natasha
D:5:      layout_basic
D:6:      layout_layer_cave, mainiacjoe_overflow_brackets,
          minmay_temple_entry_junction, gammafunk_ghost_arena
D:7:      layout_gridville
D:8:      layout_basic, kennysheep_generic_room_10, uniq_pikel, uniq_maggie,
          uniq_joseph, uniq_psyche
D:9:      layout_basic, nicolae_uskayaw_en_pointe,
          mainiacjoe_overflow_cross_hatched, lair_entry_dummy
D:10:     layout_loops_ring, general_overflow_altar, grunt_dithmenos_shadows,
          uniq_nergalle
Temple:   minmay_temple_bridge_d
Lair:1:   layout_regular_city, lemuel_fruit_tree, uniq_sonja, uniq_amaemon

Skill      XL: |  1  2  3  4  5  6  7  8  9 10 11 |
---------------+----------------------------------+-----
Shields        | 4 5 6 7 9 |  9.3
Fighting       | 4 5 7 8 9 |  9.7
Armour         | 4 5 6 8 9 10 11 | 11.2
Maces & Flails | 4 6 7 9 10 12 | 12.5
Dodging        | 1 2 |  2.4
Stealth        | 1 |  1.7

Action                     |  1- 3 |  4- 6 |  7- 9 | 10-12 || total
---------------------------+-------+-------+-------+-------++-------
  Melee: Flail             |    89 |    75 |   241 |   235 ||   640
         Headbutt          |     8 |    16 |    58 |    64 ||   146
         Unarmed           |       |       |       |     1 ||     1
 Invoke: Call Merchant     |       |       |       |     1 ||     1
  Evoke: Wand              |       |       |     3 |       ||     3
    Use: Scroll            |     1 |     3 |     6 |     3 ||    13
         Potion            |       |       |     2 |     5 ||     7
   Stab: Distracted        |       |       |       |     3 ||     3
 Armour: Scale mail        |    51 |    37 |     7 |       ||    95
         Chain mail        |       |       |   155 |   159 ||   314
  Dodge: Dodged            |    49 |    36 |    79 |    51 ||   215
  Block: Buckler           |    28 |    17 |    26 |       ||    71
         Kite shield       |       |       |    87 |   135 ||   222

Table legend: (Time is in decaauts)
 A = Elapsed time spent in this place.
 B = Non-inter-level travel time spent in this place.
 C = Inter-level travel time spent in this place.
 D = Time resting spent in this place.
 E = Time spent auto-exploring this place.
 F = Levels seen in this place.
 G = Mean time per level.
                   A        B        C        D        E       F      G
               +--------+--------+--------+--------+--------+-----+--------+
         Total |  10134 |   9900 |    234 |   1965 |   4239 |  12 |  844.5 |
       Dungeon |   9663 |   9571 |     92 |   1965 |   4038 |  10 |  966.3 |
        Temple |    405 |    263 |    142 |      0 |    201 |   1 |  405.0 |
          Lair |     64 |     64 |      0 |      0 |      0 |   1 |   64.0 |
               +--------+--------+--------+--------+--------+-----+--------+

Top non-repeatable levels by time:
     D:9: 1811 daAuts
     D:8: 1527 daAuts
     D:7: 1266 daAuts
     D:6: 1205 daAuts
     D:3: 857 daAuts
     D:1: 807 daAuts
     D:5: 728 daAuts
     D:4: 506 daAuts
     D:2: 481 daAuts
    D:10: 471 daAuts
  Temple: 405 daAuts
  Lair:1: 64 daAuts
